 Dungeon Crawl Stone Soup version 0.17-a0-1923-gc35365e (webtiles) character file.

102 barthelm the Ruffian (level 4, -1/40 HPs)
             Began as a Ghoul Monk on Sept 28, 2015.
             Slain by Anothat's ghost (13 damage)
             ... on level 3 of the Dungeon.
             The game lasted 00:06:02 (1484 turns).

barthelm the Ruffian (Ghoul Monk)                   Turns: 1484, Time: 00:06:02

Health: -1/40      AC:  3    Str: 15    XL:     4   Next: 77%
Magic:  3/3        EV: 13    Int:  5    God:
Gold:   99         SH:  0    Dex: 11    Spells: 0 memorised, 3 levels left

rFire  . . .     SeeInvis .       - Unarmed
rCold  + . .     Clarity  .     a - +1 robe
rNeg   + + +     SustAt   .     (no shield)
rPois  ∞         Gourm    .     (no helmet)
rElec  .         Spirit   .     (no cloak)
rCorr  .         Warding  .     (no gloves)
rMut   .         Stasis   .     (no boots)
MR     .....                    (no amulet)
Stlth  ++........               (no ring)
                                (no ring)

@: rotting, not resistant to hostile enchantments, unstealthy
A: rotting body, claws 1, carnivore 3, cold resistance 1, negative energy
resistance 3, slow healing 1, torment resistance, unbreathing
a: no special abilities


You were on level 3 of the Dungeon.
You were not hungry.

You visited 1 branch of the dungeon, and saw 3 of its levels.

You collected 99 gold pieces.

Inventory:

Missiles
 g - 8 tomahawks (quivered)
Armour
 a - a +1 robe (worn)
Magical devices
 k - a wand of polymorph (4)
Scrolls
 e - 3 scrolls of fear {unknown}
 f - a scroll of enchant armour
 i - a scroll of magic mapping {unknown}
Potions
 c - a potion of magic {unknown}
 h - 2 potions of curing {unknown}
 j - 2 potions of lignification
 l - a potion of agility {unknown}
 m - a potion of invisibility {unknown}
Comestibles
 b - 2 meat rations
 d - 2 beef jerkies
 n - a slice of pizza


   Skills:
 + Level 3.8 Fighting
 + Level 3.3 Dodging
 + Level 3.3 Stealth
 + Level 5.2 Unarmed Combat


You had 3 spell levels left.
You didn't know any spells.

Dungeon Overview and Level Annotations

Branches:
Dungeon (3/15)

Altars:
Trog

Annotations:
D:3 Anothat's ghost, average GrFi


Innate Abilities, Weirdness & Mutations

Your body is rotting away.
You thrive on raw meat.
You are immune to poison.
You have sharp fingernails.
You are carnivorous and can eat meat at any time.
Your flesh is cold resistant.
You are immune to negative energy.
You heal slowly when monsters are visible.
You are immune to unholy pain and torment.
You can survive without breathing.


Message History

Anothat's ghost barely misses you.
You scratch Anothat's ghost.
Anothat's ghost is heavily damaged.
The jackal bites you but does no damage.
Anothat's ghost hits you!
You scratch Anothat's ghost.
Anothat's ghost is heavily damaged.
The jackal bites you.
* * * LOW HITPOINT WARNING * * *
The jackal bites you but does no damage.
You scratch Anothat's ghost.
Anothat's ghost is severely damaged.
The jackal barely misses you. Anothat's ghost misses you.
The jackal bites you but does no damage.
Eat which item? (? for menu, Esc to quit)
Okay, then.
You claw Anothat's ghost!
Anothat's ghost is almost destroyed.
The jackal barely misses you. Anothat's ghost hits you!
You die...

####....
........................
...............^....#...
.....!.........# #.##..
..............# #..
..$..)....(...# ?###..
#.......$.....####.##<..
#....hh...........##.##
#....h@..............#
.....#W#.........# ####
................###### #
...................#
#...#...>...........###
#...............###....#
.................####...
...............#.....#..
...........######....


You could see Anothat's ghost and 3 jackals.

Vanquished Creatures
  6 adders
  5 giant geckos
  A ball python (D:1)
  2 giant cockroaches
  5 hobgoblins
  7 jackals
  6 kobolds
  5 bats
  2 giant newts
  4 goblins
  A quokka (D:3)
  3 rats
47 creatures vanquished.

Notes
Turn   | Place    | Note
--------------------------------------------------------------
     0 | D:1      | barthelm the Ghoul Monk began the quest for the Orb.
     0 | D:1      | Reached XP level 1. HP: 19/19 MP: 0/0
   150 | D:1      | Reached XP level 2. HP: 5/25 MP: 1/1
   738 | D:2      | Reached XP level 3. HP: 31/31 MP: 2/2
   763 | D:2      | Reached skill level 5 in Unarmed Combat
  1058 | D:2      | Reached XP level 4. HP: 32/39 MP: 3/3
  1345 | D:2      | Found a bloodstained altar of Trog.
  1474 | D:3      | Noticed Anothat's ghost (average GrFi)
  1484 | D:3      | Slain by Anothat's ghost

Vault maps used:
D:1:      onia_arrival_mini_spirals
D:2:      lemuel_crystal_altar

Action                   |  1- 3 |  4- 6 || total
-------------------------+-------+-------++-------
Melee: Unarmed           |    98 |    48 ||   146
  Use: Scroll            |     3 |       ||     3
 Stab: Sleeping          |    10 |     1 ||    11
  Eat: Chunk             |    11 |    11 ||    22
